2581 views
Uploaded 2023-08-24 00:09:48
Game version 1.36 (6115)
19:28 long 4on4 ladder game on (8)Sanctuary_LV_S2
Saved by DKnight
2581 views
Uploaded 2023-08-24 00:09:48
Game version 1.36 (6115)
19:28 long 4on4 ladder game on (8)Sanctuary_LV_S2


158 units @ 24.4k
/ 3.4k
74 buildings @ 11k
/ 4.2k


| Rod of Necromancy | 2 | 300 |
| Potion of Healing | 2 | 300 |
| Orb of Corruption | 2 | 750 |
| Scroll of Town Portal | 4 | 1400 |
| Scroll of Healing | 3 | 750 |
| total: | 13 | 3500g |
| Acolyte | 8 | 600 | / | 0 |
| Ghoul | 3 | 360 | / | 0 |
| Crypt Fiend | 11 | 2365 | / | 440 |
| Obsidian Statue | 9 | 1800 | / | 315 |
| Abomination | 1 | 240 | / | 70 |
| Spell Breaker | 10 | 2150 | / | 300 |
| Priest | 1 | 135 | / | 10 |
| total: | 43 | 7650g | / | 1135w |
| Spirit Tower | 2 | 290 | / | 80 |
| Nerubian Tower | 1 | 100 | / | 20 |
| Crypt | 2 | 400 | / | 100 |
| Graveyard | 1 | 215 | / | 0 |
| Altar of Darkness | 1 | 180 | / | 50 |
| Ziggurat | 6 | 900 | / | 300 |
| Tomb of Relics | 1 | 130 | / | 30 |
| Necropolis | 2 | 450 | / | 0 |
| Slaughterhouse | 1 | 140 | / | 135 |
| Halls of the Dead | 1 | 320 | / | 210 |
| Black Citadel | 2 | 650 | / | 460 |
| total: | 14 | 2415g | / | 615w |
| 0:02 | Acolyte |
| 0:02 | Acolyte |
| 0:05 | Crypt |
| 0:10 | Crypt |
| 0:41 | Graveyard |
| 0:51 | Altar of Darkness |
| 0:59 | Ziggurat |
| 1:12 | Ghoul |
| 1:24 | Ghoul |
| 1:39 | Tomb of Relics |
| 2:00 | Ziggurat |
| 2:15 | Crypt Fiend |
| 2:40 | Crypt Fiend |
| 2:52 | Rod of Necromancy |
| 2:53 | Death Coil |
| 3:18 | Crypt Fiend |
| 3:21 | Acolyte |
| 3:53 | Halls of the Dead |
| 4:23 | Unholy Aura |
| 4:31 | Crypt Fiend |
| 4:55 | Necropolis |
| 5:58 | Necropolis |
| 6:06 | Ziggurat |
| 6:07 | Creature Attack |
| 6:20 | Death Coil |
| 6:28 | Black Citadel |
| 6:33 | Slaughterhouse |
| 6:38 | Ziggurat |
| 7:18 | Ghoul |
| 7:24 | Ziggurat |
| 7:36 | Spirit Tower |
| 8:06 | Rod of Necromancy |
| 8:06 | Potion of Healing |
| 8:12 | Frost Nova |
| 8:17 | Acolyte |
| 8:17 | Acolyte |
| 8:22 | Acolyte |
| 8:26 | Nerubian Tower |
| 8:55 | Acolyte |
| 8:55 | Acolyte |
| 9:00 | Obsidian Statue |
| 9:32 | Burrow |
| 9:33 | Obsidian Statue |
| 9:33 | Destroyer Form |
| 10:18 | Crypt Fiend |
| 10:31 | Ziggurat |
| 10:38 | Scroll of Town Portal |
| 10:40 | Orb of Corruption |
| 10:43 | Scroll of Healing |
| 10:43 | Potion of Healing |
| 10:50 | Abomination |
| 10:50 | Crypt Fiend |
| 10:50 | Crypt Fiend |
| 11:24 | Spirit Tower |
| 11:25 | Web |
| 11:45 | Scroll of Town Portal |
| 12:45 | Scroll of Town Portal |
| 12:49 | Spell Breaker |
| 12:49 | Spell Breaker |
| 12:49 | Magic Sentry |
| 12:50 | Spell Breaker |
| 12:50 | Priest Adept Training |
| 12:50 | Priest Master Training |
| 12:51 | Priest |
| 12:57 | Frost Armor |
| 13:58 | Spell Breaker |
| 13:58 | Spell Breaker |
| 13:58 | Spell Breaker |
| 13:58 | Spell Breaker |
| 14:07 | Orb of Corruption |
| 14:11 | Scroll of Town Portal |
| 14:16 | Crypt Fiend |
| 14:19 | Scroll of Healing |
| 14:19 | Scroll of Healing |
| 14:32 | Obsidian Statue |
| 14:32 | Obsidian Statue |
| 14:54 | Spell Breaker |
| 15:06 | Obsidian Statue |
| 15:30 | Death Pact |
| 16:24 | Obsidian Statue |
| 16:37 | Frost Nova |
| 16:59 | Spell Breaker |
| 16:59 | Spell Breaker |
| 17:16 | Brilliance Aura |
| 17:23 | Obsidian Statue |
| 17:23 | Obsidian Statue |
| 17:36 | Obsidian Statue |
| 17:37 | Crypt Fiend |
| 18:20 | Dark Ritual |
| 18:36 | Crypt Fiend |
| 18:58 | Crypt Fiend |
| Right click | 955 |
| Select group | 920 |
| Select | 338 |
| Misc. action | 136 |
| Build/train/purchase | 112 |
| Use ability | 55 |
| Assign group | 43 |
| Chat | 14 |
| Item give/drop | 1 |


| Orb of Venom | 1 | 325 |
| Scroll of Town Portal | 2 | 700 |
| total: | 3 | 1025g |
| Wisp | 12 | 720 | / | 0 |
| Archer | 10 | 1300 | / | 100 |
| Chimaera | 8 | 2640 | / | 560 |
| Priest | 1 | 135 | / | 10 |
| Spell Breaker | 1 | 215 | / | 30 |
| Flying Machine | 5 | 500 | / | 150 |
| total: | 37 | 5510g | / | 850w |
| Altar of Elders | 1 | 180 | / | 50 |
| Moon Well | 6 | 1080 | / | 240 |
| Ancient of War | 2 | 300 | / | 120 |
| Hunter's Hall | 1 | 210 | / | 100 |
| Ancient of Wonders | 1 | 90 | / | 30 |
| Tree of Life | 1 | 340 | / | 185 |
| Chimaera Roost | 2 | 280 | / | 380 |
| Tree of Ages | 1 | 320 | / | 180 |
| Tree of Eternity | 2 | 660 | / | 400 |
| Scout Tower | 1 | 30 | / | 20 |
| Farm | 4 | 320 | / | 80 |
| Cannon Tower | 1 | 120 | / | 100 |
| total: | 19 | 2830g | / | 1205w |
| 0:01 | Wisp |
| 0:01 | Wisp |
| 0:11 | Altar of Elders |
| 0:12 | Moon Well |
| 0:27 | Ancient of War |
| 0:33 | Ancient of War |
| 0:37 | Wisp |
| 0:56 | Wisp |
| 0:57 | Wisp |
| 0:57 | Wisp |
| 1:17 | Wisp |
| 1:24 | Moon Well |
| 1:36 | Archer |
| 1:42 | Wisp |
| 1:42 | Wisp |
| 1:48 | Wisp |
| 2:09 | Immolation |
| 2:16 | Archer |
| 2:43 | Tree of Ages |
| 2:45 | Archer |
| 3:06 | Archer |
| 3:22 | Archer |
| 3:40 | Moon Well |
| 3:51 | Mana Burn |
| 4:01 | Hunter's Hall |
| 4:04 | Archer |
| 4:32 | Archer |
| 5:16 | Wisp |
| 5:30 | Tree of Eternity |
| 5:52 | Mana Burn |
| 6:02 | Ancient of Wonders |
| 6:24 | Entangling Roots |
| 6:27 | Archer |
| 7:54 | Chimaera Roost |
| 7:56 | Chimaera Roost |
| 9:18 | Chimaera |
| 9:19 | Archer |
| 9:20 | Archer |
| 9:24 | Orb of Venom |
| 9:24 | Scroll of Town Portal |
| 9:39 | Priest |
| 9:40 | Spell Breaker |
| 9:42 | Flying Machine |
| 9:42 | Flak Cannons |
| 10:05 | Thorns Aura |
| 10:26 | Evasion |
| 10:29 | Chimaera |
| 10:29 | Corrosive Breath |
| 10:43 | Tree of Life |
| 11:13 | Moon Well |
| 11:14 | Moon Well |
| 11:24 | Flying Machine |
| 11:26 | Priest Adept Training |
| 11:27 | Control Magic |
| 11:41 | Strength of the Wild |
| 11:43 | Wisp |
| 12:34 | Chimaera |
| 12:36 | Moon Well |
| 13:19 | Entangling Roots |
| 13:55 | Chimaera |
| 14:08 | Flying Machine |
| 14:14 | Improved Masonry |
| 14:17 | Farm |
| 14:19 | Farm |
| 14:22 | Scout Tower |
| 14:29 | Flying Machine |
| 14:29 | Flying Machine |
| 14:39 | Scroll of Town Portal |
| 14:50 | Farm |
| 14:51 | Farm |
| 14:53 | Cannon Tower |
| 16:24 | Chimaera |
| 16:25 | Chimaera |
| 16:26 | Improved Strength of the Wild |
| 16:57 | Mana Burn |
| 16:58 | Thorns Aura |
| 17:57 | Chimaera |
| 17:59 | Advanced Strength of the Wild |
| 18:44 | Metamorphosis |
| 18:45 | Metamorphosis |
| 18:48 | Thorns Aura |
| 19:05 | Chimaera |
| Right click | 676 |
| Select | 362 |
| Select group | 233 |
| Misc. action | 179 |
| Build/train/purchase | 88 |
| Assign group | 66 |
| Use ability | 49 |
| Chat | 36 |
| Minimap ping | 14 |
| Item give/drop | 2 |
| Remove unit | 1 |

| Scroll of Regeneration | 1 | 100 |
| Lesser Clarity Potion | 1 | 70 |
| total: | 2 | 170g |
| Peasant | 20 | 1500 | / | 0 |
| Footman | 9 | 1215 | / | 0 |
| Goblin Shredder | 2 | 750 | / | 200 |
| total: | 31 | 3465g | / | 200w |
| Scout Tower | 4 | 120 | / | 80 |
| Arcane Tower | 3 | 210 | / | 150 |
| Guard Tower | 3 | 210 | / | 150 |
| Altar of Kings | 1 | 180 | / | 50 |
| Farm | 5 | 400 | / | 100 |
| Barracks | 1 | 160 | / | 60 |
| Town Hall | 1 | 385 | / | 205 |
| Lumber Mill | 1 | 120 | / | 0 |
| Arcane Vault | 1 | 130 | / | 30 |
| Blacksmith | 1 | 140 | / | 60 |
| Arcane Sanctum | 2 | 300 | / | 280 |
| Workshop | 2 | 280 | / | 280 |
| Keep | 2 | 640 | / | 420 |
| Castle | 2 | 720 | / | 420 |
| total: | 19 | 2215g | / | 1145w |
| 0:01 | Peasant |
| 0:08 | Altar of Kings |
| 0:12 | Peasant |
| 0:18 | Farm |
| 0:18 | Barracks |
| 0:25 | Peasant |
| 0:34 | Peasant |
| 0:43 | Peasant |
| 1:00 | Peasant |
| 1:09 | Farm |
| 1:21 | Footman |
| 1:28 | Farm |
| 1:30 | Peasant |
| 1:41 | Footman |
| 1:41 | Footman |
| 1:50 | Peasant |
| 1:57 | Peasant |
| 1:57 | Peasant |
| 2:05 | Footman |
| 2:05 | Footman |
| 2:08 | Summon Water Elemental |
| 2:12 | Peasant |
| 2:19 | Peasant |
| 2:56 | Town Hall |
| 3:08 | Brilliance Aura |
| 3:18 | Peasant |
| 3:20 | Lumber Mill |
| 3:35 | Peasant |
| 4:24 | Footman |
| 4:26 | Arcane Vault |
| 4:41 | Keep |
| 4:43 | Improved Lumber Harvesting |
| 4:43 | Advanced Lumber Harvesting |
| 4:45 | Farm |
| 4:48 | Footman |
| 4:50 | Peasant |
| 4:50 | Peasant |
| 4:50 | Peasant |
| 4:51 | Peasant |
| 4:51 | Peasant |
| 5:04 | Scroll of Regeneration |
| 5:06 | Lesser Clarity Potion |
| 5:11 | Footman |
| 5:22 | Footman |
| 5:28 | Scout Tower |
| 5:29 | Scout Tower |
| 5:37 | Goblin Shredder |
| 5:37 | Goblin Shredder |
| 5:44 | Summon Water Elemental |
| 5:57 | Farm |
| 6:05 | Defend |
| 6:16 | Arcane Tower |
| 6:16 | Guard Tower |
| 6:18 | Peasant |
| 6:37 | Scout Tower |
| 6:38 | Scout Tower |
| 6:41 | Blacksmith |
| 6:51 | Improved Masonry |
| 7:18 | Castle |
| 7:19 | Arcane Tower |
| 7:44 | Guard Tower |
| 7:55 | Advanced Masonry |
| 7:55 | Imbued Masonry |
| 7:56 | Iron Forged Swords |
| 7:57 | Iron Plating |
| 7:59 | Arcane Sanctum |
| 8:00 | Arcane Sanctum |
| 8:02 | Workshop |
| 8:03 | Workshop |
| Right click | 578 |
| Select group | 324 |
| Select | 315 |
| Build/train/purchase | 87 |
| Misc. action | 47 |
| Assign group | 12 |
| Item give/drop | 2 |
| Use ability | 1 |
| Esc | 1 |



| Rod of Necromancy | 3 | 450 |
| Sacrificial Skull | 2 | 100 |
| Potion of Healing | 1 | 150 |
| Potion of Mana | 4 | 800 |
| Orb of Corruption | 3 | 1125 |
| Scroll of Town Portal | 5 | 1750 |
| Scroll of Healing | 1 | 250 |
| Potion of Lesser Invulnerability | 1 | 150 |
| Boots of Speed | 1 | 250 |
| total: | 21 | 5025g |
| Acolyte | 18 | 1350 | / | 0 |
| Ghoul | 6 | 720 | / | 0 |
| Crypt Fiend | 13 | 2795 | / | 520 |
| Obsidian Statue | 5 | 1000 | / | 175 |
| Frost Wyrm | 2 | 770 | / | 240 |
| Goblin Shredder | 3 | 1125 | / | 300 |
| total: | 47 | 7760g | / | 1235w |
| Nerubian Tower | 6 | 600 | / | 120 |
| Spirit Tower | 17 | 2465 | / | 680 |
| Crypt | 1 | 200 | / | 50 |
| Graveyard | 1 | 215 | / | 0 |
| Altar of Darkness | 1 | 180 | / | 50 |
| Ziggurat | 12 | 1800 | / | 600 |
| Tomb of Relics | 2 | 260 | / | 60 |
| Necropolis | 2 | 450 | / | 0 |
| Slaughterhouse | 2 | 280 | / | 270 |
| Boneyard | 1 | 175 | / | 200 |
| Halls of the Dead | 3 | 960 | / | 630 |
| Black Citadel | 3 | 975 | / | 690 |
| total: | 22 | 3560g | / | 1230w |
| 0:01 | Acolyte |
| 0:11 | Crypt |
| 0:15 | Graveyard |
| 0:17 | Acolyte |
| 0:17 | Acolyte |
| 0:17 | Acolyte |
| 0:40 | Altar of Darkness |
| 0:56 | Ziggurat |
| 1:13 | Ghoul |
| 1:13 | Ghoul |
| 1:13 | Ghoul |
| 1:39 | Tomb of Relics |
| 1:43 | Ziggurat |
| 1:52 | Ghoul |
| 1:52 | Ghoul |
| 1:52 | Ghoul |
| 2:14 | Crypt Fiend |
| 2:14 | Crypt Fiend |
| 2:14 | Crypt Fiend |
| 2:37 | Crypt Fiend |
| 2:44 | Carrion Beetles |
| 2:50 | Rod of Necromancy |
| 2:50 | Rod of Necromancy |
| 2:50 | Rod of Necromancy |
| 3:05 | Acolyte |
| 3:10 | Sacrificial Skull |
| 3:31 | Crypt Fiend |
| 3:40 | Ziggurat |
| 3:52 | Impale |
| 4:09 | Acolyte |
| 4:21 | Acolyte |
| 4:37 | Acolyte |
| 4:39 | Nerubian Tower |
| 4:51 | Acolyte |
| 5:04 | Carrion Beetles |
| 5:08 | Goblin Shredder |
| 5:08 | Goblin Shredder |
| 5:08 | Goblin Shredder |
| 5:24 | Ziggurat |
| 5:58 | Halls of the Dead |
| 6:10 | Necropolis |
| 6:27 | Crypt Fiend |
| 6:33 | Tomb of Relics |
| 6:36 | Spirit Tower |
| 6:40 | Crypt Fiend |
| 6:53 | Ziggurat |
| 7:02 | Creature Attack |
| 7:02 | Improved Creature Attack |
| 7:44 | Acolyte |
| 7:52 | Acolyte |
| 8:02 | Crypt Fiend |
| 8:05 | Ziggurat |
| 8:26 | Burrow |
| 8:27 | Web |
| 8:29 | Black Citadel |
| 8:31 | Slaughterhouse |
| 8:57 | Crypt Fiend |
| 9:15 | Scroll of Town Portal |
| 9:20 | Crypt Fiend |
| 9:25 | Slaughterhouse |
| 9:29 | Potion of Healing |
| 9:29 | Potion of Mana |
| 9:29 | Potion of Mana |
| 9:29 | Potion of Mana |
| 9:32 | Potion of Mana |
| 9:36 | Sacrificial Skull |
| 9:44 | Obsidian Statue |
| 9:49 | Spirit Tower |
| 9:54 | Death Coil |
| 10:06 | Ziggurat |
| 10:10 | Crypt Fiend |
| 10:27 | Spiked Carapace |
| 10:34 | Ziggurat |
| 10:54 | Spirit Tower |
| 10:59 | Crypt Fiend |
| 11:00 | Destroyer Form |
| 11:21 | Death Pact |
| 11:32 | Crypt Fiend |
| 11:32 | Obsidian Statue |
| 11:36 | Boneyard |
| 11:41 | Scroll of Town Portal |
| 11:42 | Orb of Corruption |
| 11:42 | Orb of Corruption |
| 11:42 | Orb of Corruption |
| 12:07 | Nerubian Tower |
| 12:11 | Sleep |
| 12:38 | Potion of Lesser Invulnerability |
| 13:10 | Necropolis |
| 13:12 | Frost Wyrm |
| 13:16 | Scroll of Healing |
| 13:18 | Boots of Speed |
| 13:20 | Acolyte |
| 13:20 | Acolyte |
| 13:21 | Acolyte |
| 13:25 | Ziggurat |
| 13:35 | Obsidian Statue |
| 14:09 | Obsidian Statue |
| 14:10 | Frost Wyrm |
| 14:41 | Spirit Tower |
| 14:46 | Scroll of Town Portal |
| 15:02 | Advanced Creature Attack |
| 15:02 | Creature Carapace |
| 15:02 | Improved Creature Carapace |
| 15:32 | Carrion Swarm |
| 15:36 | Scroll of Town Portal |
| 15:40 | Spirit Tower |
| 16:03 | Carrion Beetles |
| 16:12 | Obsidian Statue |
| 16:16 | Death Coil |
| 16:19 | Scroll of Town Portal |
| 16:25 | Acolyte |
| 16:25 | Acolyte |
| 16:28 | Acolyte |
| 16:44 | Freezing Breath |
| 16:49 | Ziggurat |
| 17:37 | Sleep |
| 17:39 | Unholy Aura |
| 17:57 | Spirit Tower |
| 17:58 | Acolyte |
| 17:59 | Ziggurat |
| 18:00 | Ziggurat |
| 18:40 | Locust Swarm |
| 18:49 | Carrion Swarm |
| 18:50 | Death Coil |
| 19:17 | Advanced Creature Carapace |
| Right click | 700 |
| Select group | 455 |
| Select | 383 |
| Misc. action | 248 |
| Build/train/purchase | 191 |
| Use ability | 69 |
| Assign group | 67 |
| Item give/drop | 8 |
| Remove unit | 3 |
143 units @ 22.5k
/ 3.2k
76 buildings @ 12.9k
/ 4.3k

| Potion of Mana | 2 | 400 |
| Orb of Corruption | 1 | 375 |
| Scroll of Town Portal | 2 | 700 |
| Scroll of Healing | 1 | 250 |
| total: | 6 | 1725g |
| Acolyte | 7 | 525 | / | 0 |
| Ghoul | 20 | 2400 | / | 0 |
| Meat Wagon | 4 | 920 | / | 200 |
| Necromancer | 10 | 1450 | / | 200 |
| Obsidian Statue | 1 | 200 | / | 35 |
| Abomination | 3 | 720 | / | 210 |
| total: | 45 | 6215g | / | 645w |
| Nerubian Tower | 1 | 100 | / | 20 |
| Spirit Tower | 1 | 145 | / | 40 |
| Crypt | 2 | 400 | / | 100 |
| Ziggurat | 8 | 1200 | / | 400 |
| Graveyard | 2 | 430 | / | 0 |
| Altar of Darkness | 2 | 360 | / | 100 |
| Necropolis | 2 | 450 | / | 0 |
| Tomb of Relics | 1 | 130 | / | 30 |
| Slaughterhouse | 3 | 420 | / | 405 |
| Temple of the Damned | 2 | 310 | / | 280 |
| Halls of the Dead | 1 | 320 | / | 210 |
| Black Citadel | 1 | 325 | / | 230 |
| total: | 22 | 3700g | / | 1315w |
| 0:04 | Acolyte |
| 0:07 | Acolyte |
| 0:12 | Crypt |
| 0:14 | Ziggurat |
| 0:41 | Graveyard |
| 0:46 | Graveyard |
| 1:13 | Altar of Darkness |
| 1:15 | Ghoul |
| 1:32 | Ghoul |
| 1:39 | Ziggurat |
| 1:51 | Ghoul |
| 2:09 | Ghoul |
| 2:19 | Ghoul |
| 2:35 | Ziggurat |
| 2:49 | Ghoul |
| 2:51 | Acolyte |
| 3:03 | Ghoul |
| 3:19 | Ghoul |
| 3:29 | Sleep |
| 3:39 | Cannibalize |
| 3:55 | Acolyte |
| 3:57 | Acolyte |
| 4:12 | Acolyte |
| 4:12 | Acolyte |
| 4:29 | Vampiric Aura |
| 4:35 | Necropolis |
| 4:41 | Necropolis |
| 4:58 | Halls of the Dead |
| 5:13 | Unholy Strength |
| 5:40 | Sleep |
| 5:51 | Unholy Armor |
| 5:52 | Ghoul |
| 5:52 | Ghoul |
| 6:23 | Ghoul |
| 6:49 | Ghoul |
| 6:50 | Ghoul |
| 6:50 | Ghoul |
| 7:05 | Ghoul |
| 7:30 | Black Citadel |
| 7:32 | Slaughterhouse |
| 7:36 | Temple of the Damned |
| 7:44 | Altar of Darkness |
| 7:50 | Temple of the Damned |
| 7:58 | Vampiric Aura |
| 8:27 | Ghoul |
| 8:28 | Ghoul |
| 8:28 | Ghoul |
| 8:44 | Ghoul |
| 8:44 | Ghoul |
| 8:46 | Crypt |
| 9:26 | Potion of Mana |
| 9:33 | Necromancer Adept Training |
| 9:34 | Skeletal Mastery |
| 9:53 | Ziggurat |
| 10:03 | Ziggurat |
| 10:05 | Ziggurat |
| 10:07 | Ziggurat |
| 10:08 | Ziggurat |
| 10:15 | Sleep |
| 10:37 | Ghoul Frenzy |
| 10:51 | Exhume Corpses |
| 10:52 | Necromancer Master Training |
| 10:53 | Improved Unholy Strength |
| 10:54 | Improved Unholy Armor |
| 11:07 | Nerubian Tower |
| 11:08 | Spirit Tower |
| 11:24 | Meat Wagon |
| 11:40 | Tomb of Relics |
| 11:43 | Necromancer |
| 11:43 | Necromancer |
| 11:43 | Necromancer |
| 11:44 | Necromancer |
| 11:44 | Necromancer |
| 11:47 | Necromancer |
| 11:48 | Meat Wagon |
| 11:51 | Meat Wagon |
| 12:10 | Advanced Unholy Strength |
| 12:43 | Orb of Corruption |
| 12:49 | Scroll of Town Portal |
| 13:58 | Obsidian Statue |
| 14:23 | Slaughterhouse |
| 14:25 | Slaughterhouse |
| 14:27 | Advanced Unholy Armor |
| 15:45 | Necromancer |
| 15:45 | Necromancer |
| 15:45 | Necromancer |
| 15:46 | Necromancer |
| 15:47 | Meat Wagon |
| 15:53 | Abomination |
| 15:55 | Abomination |
| 16:35 | Abomination |
| 16:58 | Scroll of Town Portal |
| 17:06 | Disease Cloud |
| 18:24 | Potion of Mana |
| 18:25 | Scroll of Healing |
| Right click | 331 |
| Select | 279 |
| Select group | 177 |
| Build/train/purchase | 106 |
| Use ability | 46 |
| Assign group | 30 |
| Misc. action | 28 |
| Minimap ping | 8 |
| Chat | 7 |
| Item give/drop | 2 |
| Remove unit | 2 |


| Rod of Necromancy | 5 | 750 |
| Sacrificial Skull | 1 | 50 |
| Potion of Mana | 1 | 200 |
| Orb of Corruption | 1 | 375 |
| Scroll of Town Portal | 6 | 2100 |
| total: | 14 | 3475g |
| Acolyte | 12 | 900 | / | 0 |
| Ghoul | 14 | 1680 | / | 0 |
| Gargoyle | 8 | 1400 | / | 240 |
| Frost Wyrm | 2 | 770 | / | 240 |
| Goblin Shredder | 1 | 375 | / | 100 |
| Assassin | 1 | 250 | / | 30 |
| total: | 38 | 5375g | / | 610w |
| Crypt | 3 | 600 | / | 150 |
| Ziggurat | 6 | 900 | / | 300 |
| Altar of Darkness | 1 | 180 | / | 50 |
| Tomb of Relics | 1 | 130 | / | 30 |
| Graveyard | 1 | 215 | / | 0 |
| Necropolis | 3 | 675 | / | 0 |
| Boneyard | 2 | 350 | / | 400 |
| Halls of the Dead | 1 | 320 | / | 210 |
| Black Citadel | 2 | 650 | / | 460 |
| total: | 17 | 3050g | / | 930w |
| 0:04 | Acolyte |
| 0:17 | Acolyte |
| 0:20 | Crypt |
| 0:23 | Ziggurat |
| 0:24 | Altar of Darkness |
| 0:32 | Acolyte |
| 0:32 | Acolyte |
| 0:50 | Tomb of Relics |
| 1:05 | Ziggurat |
| 1:22 | Ghoul |
| 1:35 | Ghoul |
| 1:47 | Ghoul |
| 1:58 | Ghoul |
| 2:03 | Acolyte |
| 2:21 | Rod of Necromancy |
| 2:21 | Rod of Necromancy |
| 2:22 | Sacrificial Skull |
| 2:34 | Ghoul |
| 2:38 | Sleep |
| 3:11 | Halls of the Dead |
| 3:17 | Ghoul |
| 3:38 | Ghoul |
| 3:39 | Ghoul |
| 3:54 | Vampiric Aura |
| 4:25 | Ziggurat |
| 4:27 | Graveyard |
| 4:46 | Necropolis |
| 4:48 | Necropolis |
| 6:03 | Ghoul |
| 6:04 | Scroll of Town Portal |
| 6:08 | Ziggurat |
| 6:34 | Goblin Shredder |
| 7:18 | Ghoul |
| 7:18 | Ghoul |
| 7:33 | Ziggurat |
| 7:37 | Cannibalize |
| 7:58 | Black Citadel |
| 8:05 | Sleep |
| 8:11 | Rod of Necromancy |
| 8:11 | Rod of Necromancy |
| 8:37 | Death Coil |
| 9:16 | Unholy Aura |
| 9:17 | Ghoul |
| 9:17 | Ghoul |
| 9:17 | Ghoul |
| 9:21 | Scroll of Town Portal |
| 10:19 | Acolyte |
| 10:19 | Acolyte |
| 10:19 | Acolyte |
| 10:21 | Acolyte |
| 10:21 | Acolyte |
| 11:44 | Ghoul Frenzy |
| 11:49 | Scroll of Town Portal |
| 11:50 | Potion of Mana |
| 12:01 | Rod of Necromancy |
| 12:09 | Necropolis |
| 13:16 | Boneyard |
| 13:17 | Boneyard |
| 13:27 | Vampiric Aura |
| 13:57 | Crypt |
| 14:00 | Crypt |
| 14:10 | Gargoyle |
| 14:22 | Orb of Corruption |
| 14:22 | Scroll of Town Portal |
| 14:26 | Acolyte |
| 14:27 | Acolyte |
| 14:41 | Gargoyle |
| 14:50 | Frost Wyrm |
| 14:59 | Assassin |
| 15:13 | Gargoyle |
| 15:14 | Stone Form |
| 15:35 | Frost Wyrm |
| 15:39 | Ziggurat |
| 15:44 | Death Coil |
| 16:15 | Gargoyle |
| 16:20 | Gargoyle |
| 16:20 | Gargoyle |
| 16:33 | Scroll of Town Portal |
| 17:33 | Gargoyle |
| 17:38 | Scroll of Town Portal |
| 17:48 | Gargoyle |
| Right click | 978 |
| Select group | 310 |
| Select | 248 |
| Misc. action | 149 |
| Build/train/purchase | 89 |
| Assign group | 77 |
| Use ability | 48 |
| Resource trade | 7 |
| Esc | 4 |
| Item give/drop | 2 |



| Rod of Necromancy | 3 | 450 |
| Ritual Dagger | 1 | 125 |
| Potion of Healing | 3 | 450 |
| Orb of Corruption | 1 | 375 |
| Potion of Mana | 1 | 200 |
| Scroll of Town Portal | 1 | 350 |
| Scroll of Healing | 1 | 250 |
| Potion of Lesser Invulnerability | 1 | 150 |
| total: | 12 | 2350g |
| Acolyte | 15 | 1125 | / | 0 |
| Ghoul | 2 | 240 | / | 0 |
| Crypt Fiend | 6 | 1290 | / | 240 |
| Frost Wyrm | 7 | 2695 | / | 840 |
| Obsidian Statue | 1 | 200 | / | 35 |
| Goblin Shredder | 1 | 375 | / | 100 |
| total: | 32 | 5925g | / | 1215w |
| Nerubian Tower | 1 | 100 | / | 20 |
| Spirit Tower | 3 | 435 | / | 120 |
| Crypt | 2 | 400 | / | 100 |
| Altar of Darkness | 1 | 180 | / | 50 |
| Ziggurat | 13 | 1950 | / | 650 |
| Graveyard | 1 | 215 | / | 0 |
| Tomb of Relics | 1 | 130 | / | 30 |
| Necropolis | 2 | 450 | / | 0 |
| Slaughterhouse | 1 | 140 | / | 135 |
| Boneyard | 2 | 350 | / | 400 |
| Halls of the Dead | 1 | 320 | / | 210 |
| Black Citadel | 1 | 325 | / | 230 |
| total: | 23 | 3815g | / | 1365w |
| 0:04 | Acolyte |
| 0:07 | Crypt |
| 0:12 | Crypt |
| 0:13 | Altar of Darkness |
| 0:16 | Acolyte |
| 0:36 | Ziggurat |
| 1:02 | Graveyard |
| 1:14 | Ghoul |
| 1:25 | Tomb of Relics |
| 1:38 | Ghoul |
| 2:05 | Ziggurat |
| 2:25 | Death Coil |
| 2:26 | Crypt Fiend |
| 2:30 | Rod of Necromancy |
| 2:57 | Crypt Fiend |
| 3:17 | Acolyte |
| 3:17 | Acolyte |
| 3:17 | Acolyte |
| 3:28 | Crypt Fiend |
| 3:42 | Acolyte |
| 4:10 | Unholy Aura |
| 4:12 | Acolyte |
| 4:16 | Ziggurat |
| 4:34 | Acolyte |
| 4:41 | Rod of Necromancy |
| 5:02 | Halls of the Dead |
| 5:31 | Crypt Fiend |
| 5:36 | Goblin Shredder |
| 5:48 | Death Coil |
| 5:54 | Crypt Fiend |
| 6:01 | Rod of Necromancy |
| 6:10 | Ritual Dagger |
| 6:21 | Ziggurat |
| 6:22 | Ziggurat |
| 6:23 | Ziggurat |
| 6:24 | Ziggurat |
| 6:25 | Ziggurat |
| 6:27 | Necropolis |
| 6:48 | Crypt Fiend |
| 7:39 | Black Citadel |
| 8:05 | Potion of Healing |
| 8:05 | Scroll of Town Portal |
| 8:13 | Nerubian Tower |
| 8:38 | Frost Nova |
| 9:58 | Frost Armor |
| 10:08 | Web |
| 10:10 | Acolyte |
| 10:12 | Boneyard |
| 10:14 | Boneyard |
| 10:17 | Acolyte |
| 10:20 | Necropolis |
| 10:26 | Acolyte |
| 10:26 | Acolyte |
| 10:26 | Acolyte |
| 10:26 | Acolyte |
| 10:31 | Acolyte |
| 11:05 | Ziggurat |
| 11:18 | Ziggurat |
| 11:44 | Ziggurat |
| 11:46 | Ziggurat |
| 11:48 | Ziggurat |
| 12:16 | Frost Wyrm |
| 12:41 | Frost Wyrm |
| 13:40 | Frost Wyrm |
| 13:45 | Unholy Aura |
| 13:53 | Frost Nova |
| 13:57 | Creature Attack |
| 13:57 | Creature Carapace |
| 14:04 | Slaughterhouse |
| 14:09 | Orb of Corruption |
| 14:09 | Potion of Mana |
| 14:14 | Potion of Healing |
| 14:28 | Spirit Tower |
| 14:29 | Spirit Tower |
| 14:30 | Spirit Tower |
| 15:25 | Destroyer Form |
| 15:28 | Improved Creature Attack |
| 15:31 | Frost Wyrm |
| 16:06 | Potion of Lesser Invulnerability |
| 16:18 | Improved Creature Carapace |
| 16:19 | Obsidian Statue |
| 16:32 | Frost Wyrm |
| 16:35 | Potion of Healing |
| 16:36 | Scroll of Healing |
| 16:50 | Impale |
| 17:24 | Frost Wyrm |
| 17:26 | Advanced Creature Attack |
| 18:41 | Frost Armor |
| 18:47 | Frost Wyrm |
| Right click | 577 |
| Select group | 569 |
| Select | 293 |
| Misc. action | 142 |
| Build/train/purchase | 104 |
| Use ability | 38 |
| Assign group | 35 |
| Resource trade | 24 |
| Chat | 15 |
| Minimap ping | 8 |
| Item give/drop | 5 |
| Remove unit | 4 |


| Rod of Necromancy | 1 | 150 |
| total: | 1 | 150g |
| Acolyte | 3 | 225 | / | 0 |
| Ghoul | 6 | 720 | / | 0 |
| Crypt Fiend | 13 | 2795 | / | 520 |
| Obsidian Statue | 6 | 1200 | / | 210 |
| total: | 28 | 4940g | / | 730w |
| Nerubian Tower | 3 | 300 | / | 60 |
| Altar of Darkness | 1 | 180 | / | 50 |
| Ziggurat | 7 | 1050 | / | 350 |
| Crypt | 2 | 400 | / | 100 |
| Graveyard | 2 | 430 | / | 0 |
| Tomb of Relics | 1 | 130 | / | 30 |
| Slaughterhouse | 1 | 140 | / | 135 |
| Halls of the Dead | 1 | 320 | / | 210 |
| Black Citadel | 1 | 325 | / | 230 |
| total: | 14 | 2330g | / | 665w |
| 0:11 | Acolyte |
| 0:19 | Altar of Darkness |
| 0:22 | Ziggurat |
| 0:29 | Acolyte |
| 0:49 | Crypt |
| 1:34 | Ziggurat |
| 1:35 | Ziggurat |
| 2:10 | Ghoul |
| 2:10 | Ghoul |
| 2:10 | Ghoul |
| 2:10 | Ghoul |
| 2:37 | Nerubian Tower |
| 2:40 | Nerubian Tower |
| 3:03 | Ghoul |
| 3:04 | Ghoul |
| 3:48 | Graveyard |
| 4:07 | Graveyard |
| 4:30 | Tomb of Relics |
| 4:34 | Halls of the Dead |
| 4:46 | Nerubian Tower |
| 5:23 | Death Coil |
| 5:30 | Crypt Fiend |
| 5:44 | Rod of Necromancy |
| 6:07 | Crypt Fiend |
| 6:10 | Crypt Fiend |
| 7:16 | Crypt Fiend |
| 7:16 | Crypt Fiend |
| 7:16 | Crypt Fiend |
| 7:26 | Crypt |
| 7:41 | Slaughterhouse |
| 7:51 | Web |
| 7:55 | Creature Carapace |
| 8:54 | Death Pact |
| 9:29 | Ziggurat |
| 9:33 | Ziggurat |
| 9:34 | Ziggurat |
| 9:42 | Ziggurat |
| 10:29 | Obsidian Statue |
| 10:29 | Obsidian Statue |
| 10:30 | Obsidian Statue |
| 11:35 | Vampiric Aura |
| 11:54 | Burrow |
| 12:33 | Unholy Strength |
| 12:36 | Crypt Fiend |
| 12:42 | Acolyte |
| 13:12 | Unholy Aura |
| 14:02 | Black Citadel |
| 14:05 | Crypt Fiend |
| 14:56 | Carrion Swarm |
| 16:05 | Crypt Fiend |
| 16:56 | Obsidian Statue |
| 16:59 | Obsidian Statue |
| 17:20 | Crypt Fiend |
| 17:52 | Crypt Fiend |
| 18:13 | Crypt Fiend |
| 18:44 | Crypt Fiend |
| 18:46 | Obsidian Statue |
| Right click | 325 |
| Select | 145 |
| Select group | 84 |
| Build/train/purchase | 56 |
| Assign group | 22 |
| Use ability | 12 |
| Remove unit | 1 |
| Esc | 1 |
⇛